 Dungeon Crawl Stone Soup version 0.26.1-11-gd32895ea62 (webtiles) character file.

Game seed: 9270177697143484153

1035 MisterFreud the Grappler (level 8, -10/74 HPs)
             Began as a Troll Monk on May 12, 2021.
             Mangled by Prince Ribbit (19 damage)
             ... on level 4 of the Dungeon.
             The game lasted 00:04:11 (3992 turns).

MisterFreud the Grappler (Troll Monk)               Turns: 3992, Time: 00:04:11

Health: -10/74     AC:  7    Str: 20    XL:     8   Next: 3%
Magic:  7/7        EV: 12    Int:  6    God:
Gold:   280        SH:  0    Dex: 14    Spells: 7/7 levels left

rFire    . . .     SeeInvis .     - Unarmed
rCold    . . .     Faith    .   (no shield)
rNeg     . . .     Spirit   .   a - +0 robe
rPois    .         Reflect  .   (helmet restricted)
rElec    .         Harm     .   m - +0 cloak
rCorr    .         Rampage  .   (gloves unavailable)
Will     .....                  (boots unavailable)
Stlth    ++........             (no amulet)
HPRegen  0.62/turn              (no ring)
MPRegen  0.10/turn              (no ring)

@: no status effects
A: large, unfitting armour, claws 3, regeneration 1, shaggy fur 1, tough skin 3
a: no special abilities


You were on level 4 of the Dungeon.
You visited 2 branches of the dungeon, and saw 7 of its levels.

You collected 280 gold pieces.

Inventory:

Missiles
 l - 2 throwing nets (quivered)
Armour
 a - a +0 robe (worn)
 m - a +0 cloak (worn)
Jewellery
 t - an uncursed ring of willpower {unknown}
Wands
 v - a wand of flame (16)
Scrolls
 b - 3 scrolls of enchant armour {unknown}
 d - 6 scrolls of teleportation
 h - a scroll of amnesia
 j - 2 scrolls of blinking {unknown}
 n - 2 scrolls of fog {unknown}
 p - a scroll of fear {unknown}
 q - 6 scrolls of identify {unknown}
 r - a scroll of remove curse
 u - a scroll of random uselessness {unknown}
Potions
 c - a potion of berserk rage {unknown}
 e - 4 potions of curing {unknown}
 f - 2 potions of invisibility {unknown}
 g - 3 potions of flight {unknown}
 i - 3 potions of might {unknown}
 k - a potion of degeneration {unknown}
 o - 2 potions of attraction {unknown}
 s - 2 potions of heal wounds {unknown}


   Skills:
 + Level 2.8 Fighting
 + Level 1.2 Throwing
 - Level 5.0 Dodging
 - Level 1.0 Stealth
 - Level 8.0 Unarmed Combat


You had 7 spell levels left.
You didn't know any spells.
Your spell library was empty.

Dungeon Overview and Level Annotations

Branches:
Dungeon (6/15)             Temple (1/1) D:5

Altars:
Nemelex Xobeh
Sif Muna
Vehumet
Wu Jian
Zin

Annotations:
D:4 Prince Ribbit


Innate Abilities, Weirdness & Mutations

You are too large for most types of armour.
You have claws for hands.
Your natural rate of healing is unusually fast.
You are covered in fur. (AC +1)
You have extremely tough skin. (AC +3)


Message History

Prince Ribbit is moderately wounded.
Prince Ribbit barely misses you. The orc hits you but does no damage.
You barely miss Prince Ribbit.
Prince Ribbit is moderately wounded.
Prince Ribbit hits you!
* * * LOW HITPOINT WARNING * * *
The orc hits you with a +0 club.
* * * LOW HITPOINT WARNING * * *
Prince Ribbit blinks!
The orc barely misses you.
Prince Ribbit blinks!
Prince Ribbit hops awkwardly around.
Prince Ribbit blinks!
Prince Ribbit hits you.
* * * LOW HITPOINT WARNING * * *
Prince Ribbit closely misses you.
You scratch the orc.
The orc is almost dead.
Prince Ribbit hits you!!
You die...

##.###.##.#
##.##.########.#
##.##...#.###...#.#
#^#
#.#..#.#..##......#
#.#
.##[..รทรท..........#
#.#
#.#..#.#.###.....##
#.# .#.##...##
##...## #<# ...###.##
##.## #.# .### #.#
#.###########.# ..#
#.# #.F@o......##.#
..####.#
##########.##(#
.......# #.##.####
..###..# #.##....#
..###..# #.#####.#
.......# #.# #.#
##.....# #.# #.#
#..#.## #.# #.#
#..#.# ############.#
#.#


You could see Prince Ribbit and an orc.

Vanquished Creatures
  An ice beast (D:5)
  4 ogres
  A centaur (D:5)
  A scorpion (D:4)
  A howler monkey (D:4)
  2 hounds
  2 orc priests
  3 orc wizards
  Terence (D:2)
  An iguana (D:5)
  2 worker ants (D:5)
  4 adders
  A white imp (D:5)
  An ooze (D:2)
  An adder zombie (D:4)
  3 worms
  3 dart slugs
  3 leopard geckos
  12 orcs
  A ball python (D:1)
  4 giant cockroaches
  10 hobgoblins
  6 jackals
  8 kobolds
  A quokka (D:5)
  10 bats
  2 frilled lizards
  4 goblins
  A leopard gecko skeleton (D:4)
  A leopard gecko zombie (D:5)
  6 rats
101 creatures vanquished.

Vanquished Creatures (others)
  2 plants (D:6)
2 creatures vanquished.

Grand Total: 103 creatures vanquished

Notes
Turn   | Place    | Note
-------+----------+-------------------------------------------
     0 | D:1      | MisterFreud the Troll Monk began the quest for the Orb.
     0 | D:1      | Reached XP level 1. HP: 22/22 MP: 0/0
   161 | D:1      | Reached XP level 2. HP: 23/29 MP: 1/1
   292 | D:1      | Reached skill level 4 in Unarmed Combat
   373 | D:1      | Reached XP level 3. HP: 28/36 MP: 2/2
   860 | D:2      | Noticed Terence
   869 | D:2      | Killed Terence
   870 | D:2      | Reached skill level 5 in Unarmed Combat
   870 | D:2      | Reached XP level 4. HP: 37/44 MP: 3/3
  1451 | D:3      | Reached XP level 5. HP: 44/50 MP: 4/4
  1658 | D:3      | Found an ornate altar of the Wu Jian Council.
  2034 | D:3      | Reached skill level 6 in Unarmed Combat
  2295 | D:4      | Noticed an ogre
  2307 | D:4      | HP: 2/50 [ogre/+0 giant club (9)]
  2308 | D:4      | Killed an ogre
  2309 | D:4      | Reached skill level 7 in Unarmed Combat
  2309 | D:4      | Reached XP level 6. HP: 3/59 MP: 5/5
  2816 | D:4      | Reached skill level 8 in Unarmed Combat
  2816 | D:4      | Reached XP level 7. HP: 66/66 MP: 6/6
  2868 | D:4      | Found a glowing silver altar of Zin.
  2869 | D:4      | Found a sparkling altar of Nemelex Xobeh.
  3149 | D:5      | Entered Level 5 of the Dungeon
  3493 | D:5      | Found a staircase to the Ecumenical Temple.
  3536 | Temple   | Entered the Ecumenical Temple
  3613 | D:5      | Reached skill level 5 in Dodging
  3751 | D:5      | Reached skill level 1 in Throwing
  3751 | D:5      | Reached XP level 8. HP: 74/74 MP: 7/7
  3944 | D:6      | Noticed Prince Ribbit
  3992 | D:4      | Mangled by Prince Ribbit

Illustrated notes

Levels and vault maps discovered:
D:1:      ncdulo_watergridlock, layout_loops_ring
D:2:      layout_loops_ring, uniq_terence
D:3:      layout_basic, overflow_temple_1_default
D:4:      layout_loops_ring, nicolae_overflow_hidden_temple
D:5:      layout_gridville, minmay_temple_entry_ruins
D:6:      layout_basic, serial_bayou, serial_bayou_pond_d, serial_bayou_pond_e,
          serial_bayou_pond_c, serial_bayou_pond_a,
          chequers_serial_rivers_micro_d, uniq_prince_ribbit1, uniq_sigmund
Temple:   nicolae_temple_elliptical

Skill      XL: |  1  2  3  4  5  6  7 |
---------------+----------------------+-----
Unarmed Combat | 4 5 7 8 |  8.0
Dodging        | 3 5 |  5.0
Throwing       | 1 |  1.2
Fighting       | |  2.8
Stealth        | |  1.0

Action                   |  1- 3 |  4- 6 |  7- 9 || total
-------------------------+-------+-------+-------++-------
Melee: Unarmed           |    89 |   127 |    48 ||   264
       Punch             |       |     3 |     3 ||     6
  Use: Scroll            |       |     4 |       ||     4
 Stab: Sleeping          |     1 |     5 |     1 ||     7
       Distracted        |       |     1 |       ||     1
Armor: Robe              |    38 |    36 |    14 ||    88
Dodge: Dodged            |    48 |    46 |    27 ||   121
